 Dungeon Crawl Stone Soup version 0.32-a0-636-g4925a30cd0 (webtiles) character file.

Game seed: 8047938394541537188

3833 BearFiend the Fighter (level 9, -6/85 HPs)
             Began as a White Draconian Shapeshifter on Mar 7, 2024.
             Was an Initiate of Gozag.
             Mangled by a killer bee (8 damage)
             ... on level 7 of the Dungeon.
             The game lasted 00:31:43 (8618 turns).

BearFiend the Fighter (DrSh)                        Turns: 8618, Time: 00:31:43

Health: -6/85      AC:  7    Str: 17    XL:     9   Next: 98%
Magic:  9/9        EV: 17    Int: 10    God:    Gozag
Gold:   1176       SH:  0    Dex: 15    Spells: 8/8 levels left

rFire   . .          .
                       - Unarmed
rCold   + . .        (no shield)
rNeg    . . .        (body armour unavailable)
rPois   +            (helmet currently unavailable)
rElec   .            (cloak currently unavailable)
rCorr   .            (gloves currently unavailable)
SInv    .            (boots currently unavailable)
Will    .....        r - amulet of the acrobat
Stlth   +            d - +5 ring of evasion
HPRegen 0.34/turn    o - ring of poison resistance
MPRegen 0.11/turn

%: acrobat
@: lethally poisoned (-6 -> -12), beast-form
A: beast (slay +4), glacial breath, AC +7, unfitting armour, cold resistance 1,
cold-blooded
a: Glacial Breath, Begin Untransformation, Renounce Religion, Potion Petition,
Call Merchant, Bribe Branch


You were on level 7 of the Dungeon.
You worshipped Gozag.
Gozag was most pleased with you.
You were a hulking beast.
You visited 2 branches of the dungeon, and saw 8 of its levels.
You also visited: Sewer and Ossuary.

You collected 1272 gold pieces.
You paid 96 gold pieces to Gozag.

Inventory:

Missiles
 t - 8 poisoned darts
Armour
 i - a +0 pair of boots
 u - a +0 cloak
Jewellery
 d - a +5 ring of evasion (left hand)
 o - a ring of poison resistance (right hand)
 r - an amulet of the acrobat (around neck)
 s - a ring of fire
 z - a ring of flight
Talismans
 b - a beast talisman (active)
 c - a flux talisman
Wands
 w - a wand of charming (8)
 B - a wand of flame (19)
Scrolls
 a - a scroll of summoning {unknown}
 f - 5 scrolls of amnesia
 g - 2 scrolls of blinking
 h - a scroll of silence {unknown}
 k - 2 scrolls of enchant armour {unknown}
 l - 3 scrolls of identify {unknown}
 p - a scroll of brand weapon {unknown}
 q - 5 scrolls of teleportation
 v - a scroll of revelation {unknown}
 x - 2 scrolls of poison
 y - a scroll of vulnerability {unknown}
 D - 2 scrolls of enchant weapon {unknown}
 F - 4 scrolls of fear {unknown}
Potions
 e - 7 potions of enlightenment
 j - 2 potions of haste {unknown}
 m - 5 potions of curing {@q1}
 n - 6 potions of brilliance {unknown}
 A - a potion of mutation {unknown}
 C - a potion of lignification
 E - a potion of ambrosia {unknown}


   Skills:
 - Level 10.0 Fighting
 - Level 1.7 Dodging
 + Level 9.4 Unarmed Combat
 - Level 7.0 Shapeshifting


You had 8 spell levels left.
You didn't know any spells.
Your spell library contained the following spells:

 Spells                   Type           Power      Damage    Failure   Level
 Magic Dart               Conj           0%         1d3       36%         1
 Searing Ray              Conj           0%         2d4       50%         2
 Fulminant Prism          Conj/Alch      0%         3d5       98%         4


Dungeon Overview and Level Annotations

Branches:
Dungeon (7/15) Zot: 26808  Temple (1/1) D:4 Zot: 5974   Sewer (visited)
Ossuary (visited)

Altars:
Ashenzari
Cheibriados
Dithmenos
Elyvilon
Gozag
Hepliaklqana
Kikubaaqudgha
Makhleb
Nemelex Xobeh
Okawaru
Qazlal
Ru
Sif Muna
Trog
Uskayaw
Wu Jian
Xom
Yredelemnul
Zin
The Shining One

Shops:
D:4 *

Annotations:
D:5 1 runed translucent door, Crazy Yiuf


Innate Abilities, Weirdness & Mutations

You are a hulking beast.
Your limbs bulge with bestial killing power. (Slay +4)
You can breathe waves of cold which freeze foes solid.
Your icy white scales are hard. (AC +7)
You cannot fit into any form of body armour.
Your flesh is cold resistant. (rC+)
You are cold-blooded and may be slowed by cold attacks.


Message History

You are too injured to fight recklessly!
You barely miss the killer bee.
You feel very sick.
The killer bee closely misses you. x2; The killer bee completely misses you.
The killer bee stings you but does no damage.
The killer bee stings you.
* * * LOW HITPOINT WARNING * * *
You barely miss the killer bee.
You feel very sick. The killer bee misses you.
The killer bee stings you but does no damage.
The killer bee barely misses you.
You miss the killer bee.
Your tail-slap misses the killer bee.
Your punch misses the killer bee.
You feel very sick. The killer bee stings you.
* * * LOW HITPOINT WARNING * * *
The killer bee misses you. x2
The killer bee is distracted by your dazzling golden aura.
The killer bee stings you!
* * * LOW HITPOINT WARNING * * *
The killer bee barely misses you.
The killer bee buzzes angrily.
You barely miss the killer bee. You tail-slap the killer bee.
The killer bee is moderately wounded.
You feel sick. The killer bee closely misses you.
The killer bee stings you but does no damage.
The killer bee misses you. x2
You hit the killer bee.
The killer bee is heavily wounded.
You feel sick. The killer bee stings you.
* * * LOW HITPOINT WARNING * * *
The killer bee stings you!
* * * LOW HITPOINT WARNING * * *
You hit the killer bee.
Your tail-slap misses the killer bee.
The killer bee is almost dead.
* * * LOW HITPOINT WARNING * * *
You feel sick. The killer bee stings you!
You die...
Your body crumbles into a pile of gold.

#....# #....#####
#........#
###......#
#......#######
##+####......(.....#
#............###....
#..)...).....###.#.#
#.yhy..#...........#
###y####......##...#
#.. #).....##...#
###. #......##...#
..####....#...# .#
#....#...# ..
..........
###########..


You could see 3 killer bees.

Vanquished Creatures
  Pikel (D:4)
  Grinder (D:6)
  Eustachio (D:5)
  Sigmund (D:6)
  Menkaure (D:6)
  A steam dragon (D:6)
  Edmund (D:5)
  Duvessa (D:6)
  A black bear (D:6)
  A sky beast (D:7)
  3 ogres
  2 crocodiles (Sewer)
  A lemure (D:4)
  A weeping skull (Ossuary)
  A bullfrog (D:7)
  A scorpion (D:5)
  A burial acolyte (Ossuary)
  3 wights (D:6)
  Dowan (D:6)
  3 killer bees (D:7)
  A water moccasin skeleton (D:3)
  A jelly (D:5)
  3 bombardier beetles
  3 gnoll boudas
  2 hounds
  2 orc priests (D:6)
  A human zombie (Ossuary)
  2 sleepcaps
  5 iguanas
  2 scorpion zombies (D:3)
  Ijyb (D:5)
  Natasha (thrice) (D:2)
  2 orc wizards
  A sickly merfolk siren (Sewer)
  A malarious merfolk avatar (Sewer)
  A hound zombie (D:3)
  3 mummies (Ossuary)
  16 gnolls
  3 adders
  A river rat (D:4)
  A white imp (D:5)
  An adder zombie (D:3)
  4 ribbon worms
  2 dart slugs
  13 orcs
  8 ball pythons
  6 endoplasms
  7 giant cockroaches
  9 hobgoblins
  6 jackals (D:1)
  7 kobolds
  3 quokkas
  2 ball python zombies (D:3)
  4 bats
  5 frilled lizards
  A gnoll zombie (Ossuary)
  8 goblins
  A jackal skeleton (D:3)
  5 kobold zombies (Ossuary)
  An orc zombie (Ossuary)
  A quokka zombie (D:5)
  27 rats
  A rat zombie (D:5)
204 creatures vanquished.

Notes
Turn   | Place    | Note
-------+----------+-------------------------------------------
     0 | D:1      | BearFiend the Draconian Shapeshifter began the quest for
                  | the Orb.
     0 | D:1      | Reached XP level 1. HP: 16/16 MP: 1/1
   167 | D:1      | Reached skill level 2 in Fighting
   263 | D:1      | Reached XP level 2. HP: 25/25 MP: 2/2
   892 | D:1      | Reached skill level 3 in Fighting
  1155 | D:2      | Reached XP level 3. HP: 31/31 MP: 3/3
  1190 | D:2      | Noticed Natasha
  1202 | D:2      | Killed Natasha
  1203 | D:2      | Reached skill level 4 in Fighting
  1363 | D:2      | Noticed Natasha
  1373 | D:2      | Killed Natasha
  1374 | D:2      | Reached XP level 4. HP: 30/41 MP: 4/4
  1507 | D:2      | Found a faded altar of an unknown god.
  1510 | D:2      | Noticed Natasha
  1514 | D:2      | Killed Natasha
  1515 | D:2      | Reached skill level 5 in Fighting
  1518 | D:2      | Prayed at the altar of an unknown god.
  1518 | D:2      | Became a worshipper of Elyvilon the Healer
  1518 | D:2      | Reached * piety under Elyvilon
  1785 | D:3      | Reached XP level 5. HP: 47/48 MP: 5/5
  1911 | D:3      | Reached skill level 6 in Fighting
  1965 | D:3      | You fall into a shaft and drop 2 floors!
  1965 | D:5      | Entered Level 5 of the Dungeon
  1983 | D:5      | Reached XP level 6. HP: 36/57 MP: 6/6
  1989 | D:5      | Noticed Eustachio
  2050 | D:5      | Killed Eustachio
  2051 | D:5      | Reached skill level 5 in Unarmed Combat
  2064 | D:5      | Noticed Edmund
  2076 | D:5      | Killed Edmund
  2077 | D:5      | Your scales start taking on an icy white colour.
  2077 | D:5      | Reached XP level 7. HP: 28/63 MP: 7/7
  2077 | D:5      | Gained mutation: Your flesh is cold resistant. (rC+) [White
                  | Draconian growth]
  2203 | D:5      | Found a sand-covered staircase.
  2217 | Ossuary  | Entered an ossuary
  2384 | Ossuary  | Reached skill level 5 in Shapeshifting
  2705 | D:5      | Reached ** piety under Elyvilon
  2787 | D:5      | Reached skill level 7 in Fighting
  2872 | D:4      | Found Ymoodush's Lightly-Used Armoury.
  2937 | D:4      | Found a staircase to the Ecumenical Temple.
  2949 | Temple   | Entered the Ecumenical Temple
  2962 | Temple   | Fell from the grace of Elyvilon
  2962 | Temple   | Became a worshipper of Gozag Ym Sagoz the Greedy
  3093 | D:4      | Found a glowing drain.
  3097 | Sewer    | Entered a sewer
  3209 | Sewer    | Reached skill level 8 in Fighting
  3209 | Sewer    | Reached XP level 8. HP: 74/74 MP: 8/8
  3755 | D:4      | Noticed Pikel
  3776 | D:4      | Killed Pikel
  3777 | D:4      | Reached skill level 9 in Fighting
  4709 | D:3      | Found a glowing silver altar of Zin.
  4832 | D:5      | Reached skill level 10 in Fighting
  4893 | D:5      | Noticed Ijyb
  4906 | D:5      | Killed Ijyb
  5257 | D:5      | Reached XP level 9. HP: 85/85 MP: 9/9
  5640 | D:5      | Noticed Crazy Yiuf
  5640 | D:5      | Found a runed translucent door.
  5963 | D:6      | Noticed Sigmund
  5971 | D:6      | Killed Sigmund
  5984 | D:6      | Noticed Dowan
  5984 | D:6      | Noticed Duvessa
  5997 | D:6      | Killed Dowan
  7562 | D:6      | Killed Duvessa
  7771 | D:6      | Noticed Menkaure
  7788 | D:6      | Killed Menkaure
  8046 | D:6      | Identified the +8 trident "Siusucs" {antimagic, Int+4}
  8164 | D:6      | Noticed Grinder
  8171 | D:6      | Paralysed by Grinder for 4 turns
  8180 | D:6      | Killed Grinder
  8374 | D:6      | Found a snail-covered altar of Cheibriados.
  8466 | D:7      | Found a shimmering altar of Xom.
  8472 | D:7      | Found a sacrificial altar of Ru.
  8479 | D:7      | Found a hazy altar of Hepliaklqana.
  8479 | D:7      | Found a shadowy altar of Dithmenos.
  8487 | D:7      | Found a hide-covered altar of Uskayaw.
  8617 | D:7      | HP: 3/85 [killer bee (7)]
  8618 | D:7      | Mangled by a killer bee

Illustrated notes

Levels and vault maps discovered:
D:1:      lightli_molten_gateway, layout_basic
D:2:      layout_basic, shapermc_ecumenical_altar_venn, uniq_natasha
D:3:      layout_loops_ring, zin_treasury, serial_undead, serial_undead_a,
          serial_undead_b, serial_undead_b, serial_undead_a, serial_undead_d,
          serial_undead_e
D:4:      layout_rooms, minmay_temple_entry_gardened_gates,
          gup_sewer_entry_spiral, grunt_decor_cap, minmay_shop_damaged,
          uniq_pikel
D:5:      layout_loops_corners, enter_ossuary_4, uniq_eustachio, uniq_ijyb,
          uniq_edmund, uniq_crazy_yiuf_cottage
D:6:      layout_rooms, cheibrodos_worm_habitat, nicolae_letterblocks
          [nicolae_letter_subblock, nicolae_letter_subblock,
          nicolae_letter_subblock, nicolae_letter_subblock,
          nicolae_letter_subblock, nicolae_letter_subblock,
          nicolae_letter_subblock, nicolae_letter_subblock,
          nicolae_letter_subblock, nicolae_letter_subblock,
          nicolae_letter_subblock, nicolae_letter_subblock,
          nicolae_letter_subblock, nicolae_letter_subblock,
          nicolae_letter_subblock, nicolae_letter_subblock,
          nicolae_letter_subblock, nicolae_letter_subblock,
          nicolae_letter_subblock, nicolae_letter_subblock,
          nicolae_letter_subblock, nicolae_letter_subblock,
          nicolae_letter_subblock, nicolae_letter_subblock,
          nicolae_letter_subblock], uniq_grinder, uniq_duvessa, uniq_sigmund,
          uniq_menkaure
D:7:      layout_basic, mainiacjoe_overflow_small_starburst,
          mainiacjoe_overflow_catwalk, nicolae_overflow_hallway_of_the_gods
Temple:   hellmonk_temple_forest_ring

Skill      XL: |  1  2  3  4  5  6  7  8  9 |
---------------+----------------------------+-----
Fighting       | 2 3 4 5 6 8 10 | 10.0
Unarmed Combat | 4 5 6 9 |  9.4
Shapeshifting  | 4 5 7 |  7.0
Dodging        | |  1.7

Action                     |  1- 3 |  4- 6 |  7- 9 || total
---------------------------+-------+-------+-------++-------
  Melee: Unarmed           |    84 |   116 |   484 ||   684
         Tailslap          |     7 |    12 |    75 ||    94
         Punch             |     2 |     5 |    15 ||    22
  Throw: Dart              |       |       |     1 ||     1
Ability: Glacial Breath    |       |       |     1 ||     1
    Use: Potion            |       |     1 |     3 ||     4
         Scroll            |       |       |     2 ||     2
   Stab: Sleeping          |     3 |       |     3 ||     6
         Distracted        |       |       |     2 ||     2
 Armour: Skin              |    31 |    78 |   200 ||   309
  Dodge: Dodged            |    70 |    59 |   313 ||   442

Table legend: (Time is in decaauts)
 A = Elapsed time spent in this place.
 B = Non-inter-level travel time spent in this place.
 C = Inter-level travel time spent in this place.
 D = Time resting spent in this place.
 E = Time spent auto-exploring this place.
 F = Levels seen in this place.
 G = Mean time per level.
                   A        B        C        D        E       F      G
               +--------+--------+--------+--------+--------+-----+--------+
         Total |   8648 |   8279 |    369 |   1864 |   4674 |  10 |  864.8 |
       Dungeon |   7760 |   7414 |    346 |   1857 |   4141 |   7 | 1108.6 |
        Temple |     25 |      2 |     23 |      0 |      0 |   1 |   25.0 |
         Sewer |    556 |    556 |      0 |      0 |    345 |   1 |  556.0 |
       Ossuary |    305 |    305 |      0 |      7 |    188 |   1 |  305.0 |
               +--------+--------+--------+--------+--------+-----+--------+

Top non-repeatable levels by time:
     D:5: 3007 daAuts
     D:6: 1236 daAuts
     D:1: 1115 daAuts
     D:4: 857 daAuts
     D:3: 794 daAuts
     D:2: 558 daAuts
   Sewer: 556 daAuts
 Ossuary: 305 daAuts
     D:7: 191 daAuts
  Temple: 25 daAuts
